Map: Abyssal Reef LE

Players

Erfeyah - Winner!

  • Race: Protoss Protoss
  • Spawn Location: 11:00

A.I. 1 (Very Easy)

  • Race: Zerg Zerg
  • Spawn Location: 5:00

VOD

Have the link to the VOD?

Description

Time

  • Played on: Nov. 22, 2017, 10:22 a.m.
  • Length: 15:58
Show
View Real Time Build Order
Export as new Build Order

Erfeyah Protoss - Winner!

Build Orders:  

Get SALT Encoding   

  12  0:06  Probe (Chrono Boost)  
  14  0:18  Probe (Chrono Boost)  
  14  0:27  Pylon  
  14  0:31  Probe  
  15  0:45  Probe  
  16  0:57  Probe  
  16  0:58  Pylon  
  16  1:02  Gateway  
  17  1:11  Assimilator  
  17  1:42  Probe (Chrono Boost)  
  19  1:54  Probe (Chrono Boost)  
  19  2:06  Cybernetics Core  
  19  2:11  Probe (Chrono Boost)  
  20  2:25  Assimilator  
  20  2:46  Gateway  
  20  2:53  Pylon  
  20  3:05  Warp Gate  
  20  3:28  Pylon  
  20  3:30  Pylon  
  20  3:44  Gateway  
  20  3:55  Probe (Chrono Boost)  
  22  4:05  Probe (Chrono Boost)  
  22  4:18  Gateway  
  22  4:19  Gateway  
  22  4:20  Gateway  
  22  4:24  Gateway  
  22  4:33  Zealot x3  
  28  5:00  Stalker, Zealot x2  
  34  5:27  Stalker x2  
  38  5:30  Stalker  
  40  5:37  Shield Battery  
  40  5:39  Shield Battery  
  40  5:57  Stalker x2  
  40  6:00  Stalker  
  46  6:04  Pylon  
  46  6:07  Pylon  
  46  6:10  Pylon  
  46  6:27  Stalker x2  
  50  7:09  Nexus  
  50  7:43  Gateway  
  50  8:36  Gateway  
  50  8:38  Gateway  
  50  8:42  Probe (Chrono Boost)  
  51  8:54  Probe (Chrono Boost)  
  52  8:56  Probe  
  53  9:08  Probe  
  54  9:49  Stalker  
  56  9:54  Stalker  
  56  9:55  Stalker x2  
  56  9:57  Stalker  
  64  10:02  Stalker  
  64  10:03  Stalker  
  68  10:28  Assimilator  
  68  10:30  Assimilator  
  67  12:06  Probe  
  68  12:19  Probe  
  69  12:29  Stalker  
  71  12:31  Probe  
  71  12:32  Stalker  
  74  12:37  Stalker  
  74  12:43  Probe  
  77  12:45  Stalker  
  77  12:47  Stalker  
  77  12:48  Stalker  
  83  12:53  Stalker  
  83  12:55  Probe  
  83  12:56  Stalker  
  83  12:57  Stalker  
  90  12:59  Stalker  
  90  13:04  Stalker  
  92  15:29  Probe  
  93  15:41  Probe  
Show
View Real Time Build Order
Export as new Build Order

A.I. 1 (Very Easy) Zerg 

Build Orders: Pool First 

Get SALT Encoding   

  12  0:01  Drone  
  13  0:12  Overlord  
  13  0:17  Drone  
  14  0:35  Spawning Pool  
  13  0:37  Drone  
  13  0:41  Extractor  
  13  0:44  Drone  
  14  0:51  Overlord  
  14  1:21  Zergling x2, Queen  
  17  1:30  Roach Warren  
  16  1:33  Drone  
  16  1:38  Extractor  
  16  1:42  Zergling x2, Drone  
  18  1:55  Drone  
  19  2:03  Zergling x2  
  19  2:05  Drone  
  21  2:16  Drone  
  22  2:27  Drone  
  22  2:28  Overlord  
  23  2:34  Drone  
  24  2:41  Drone  
  25  6:04  Roach  
  25  6:05  Lair, Drone, Overlord  
  28  6:12  Drone  
  29  6:19  Drone  
  30  6:26  Drone  
  31  6:33  Drone  
  29  6:40  Drone  
  29  6:44  Roach  
  32  7:02  Overseer  
  32  7:05  Overseer  
  32  7:20  Hatchery  
  31  7:23  Roach  
  33  8:33  Drone  
  34  8:40  Drone  
  35  8:42  Extractor  
  35  8:43  Extractor  
  35  8:47  Drone  
  34  8:55  Drone  
  35  9:02  Drone  
  36  9:09  Drone  
  37  9:16  Drone  
  38  9:23  Drone  
  39  9:30  Drone  
  40  9:38  Drone  
  41  9:45  Drone  
  42  9:52  Drone  
  43  9:59  Drone  
  44  10:06  Drone  
  45  10:08  Overlord  
  45  10:13  Drone  
  46  10:20  Drone  
  47  10:28  Drone  
  48  11:14  Zergling x2, Pneumatized Carapace, Overseer  
  48  11:15  Overlord  
  48  11:16  Evolution Chamber  
  48  11:18  Drone  
  49  11:32  Zergling x2  
  50  11:34  Drone, Spire  
  48  11:54  Overseer, Overlord  
  44  12:46  Mutalisk  
  46  13:04  Mutalisk  
  48  13:22  Mutalisk  
  46  13:39  Overlord  
  46  13:41  Zergling x2  
  46  13:57  Drone  
  46  13:59  Zergling x2  
  37  14:04  Drone  
  29  14:11  Drone  
  29  14:16  Mutalisk  
  22  14:18  Drone  
  22  14:19  Queen  
  22  14:25  Drone  
  23  14:33  Drone  
  23  14:35  Zergling x2  
  25  14:40  Drone  
  24  14:47  Drone, Overlord  
  25  14:52  Zergling x2  
  25  14:54  Drone  
  24  15:06  Overlord  
  22  15:10  Overlord  
  18  15:15  Evolution Chamber  
  16  15:23  Spawning Pool  
  16  15:25  Drone  
  9  15:29  Spire  
  9  15:32  Drone  
  2  15:39  Drone  
Tags
 
Add a new tag
Caveats
  • Supply blocks, unpowered buildings, or Contaminate may cause inaccurate times.
  • Supply counts are checked every 10 seconds.